 Dungeon Crawl Stone Soup version 0.30-a0-1103-g25895a7845 (webtiles) character file.

Game seed: 11368425009344307727

148 Pimp the Ducker (level 5, -1/41 HPs)
             Began as a Merfolk Gladiator on Apr 18, 2023.
             Slain by a black bear (8 damage)
             ... on level 4 of the Dungeon.
             The game lasted 00:04:47 (2627 turns).

Pimp the Ducker (Merfolk Gladiator)                 Turns: 2627, Time: 00:04:48

Health: -1/41      AC:  7    Str: 17    XL:     5   Next: 30%
Magic:  5/5        EV: 14    Int:  7    God:
Gold:   271        SH:  0    Dex: 15    Spells: 4/4 levels left

rFire   . . .      SeeInvis .    a - +0 trident
rCold   + . .      Faith    .    (no shield)
rNeg    . . .      Spirit   .    h - +2 leather armour {rC+}
rPois   .          Reflect  .    c - +0 helmet
rElec   .          Rampage  .    (no cloak)
rCorr   .                        y - +0 pair of gloves
Will    .....                    (no boots)
Stlth   +                        (no amulet)
HPRegen 0.26/turn                (no ring)
MPRegen 0.09/turn                (no ring)

@: confused, ambrosia-drunk, attractive
A: (nimble swimmer 2), mertail
a: no special abilities


You were on level 4 of the Dungeon.
You visited 1 branch of the dungeon, and saw 4 of its levels.

You collected 271 gold pieces.

Inventory:

Hand Weapons
 a - a +0 trident (weapon)
Missiles
 d - 4 throwing nets (quivered)
 e - a javelin
Armour
 b - a +0 leather armour
 c - a +0 helmet (worn)
 h - a +2 leather armour of cold resistance (worn)
 y - a +0 pair of gloves (worn)
Jewellery
 t - an amulet of guardian spirit
Wands
 x - a wand of flame (8)
Scrolls
 f - 4 scrolls of teleportation {unknown}
 i - a scroll of immolation {unknown}
 k - a scroll of enchant weapon {unknown}
 l - 2 scrolls of noise {unknown}
 m - 3 scrolls of identify {unknown}
 n - a scroll of fear {unknown}
 o - a scroll of enchant armour {unknown}
 p - a scroll of brand weapon {unknown}
 q - 2 scrolls of magic mapping {unknown}
 v - a scroll of torment {unknown}
Potions
 g - a potion of attraction
 r - a potion of brilliance
 s - a potion of mutation {unknown}
 u - a potion of berserk rage {unknown}
 w - a potion of curing {unknown}


   Skills:
 + Level 3.4 Fighting
 + Level 5.0 Polearms
 + Level 3.1 Throwing
 + Level 5.2 Dodging


You had 4 spell levels left.
You didn't know any spells.
Your spell library contained the following spells:

 Spells                   Type           Power      Damage    Failure   Level
 Summon Small Mammal      Summ           0%         N/A       50%         1
 Call Canine Familiar     Summ           0%         N/A       86%         3
 Summon Guardian Golem    Hex/Summ       0%         N/A       86%         3


Dungeon Overview and Level Annotations

Branches:
Dungeon (4/15)
 Temple: D:4-7

Altars:
Ashenzari


Innate Abilities, Weirdness & Mutations

((You are very nimble when in or above water. (Stealth+, EV+, Speed+++)))
Your lower body shifts to a powerful aquatic tail in water.


Message History

The goblin hits you with a +0 dagger. The hobgoblin misses you.
The black bear bites you!
The black bear claws you but does no damage.
The black bear barely misses you.
The hobgoblin hits you but does no damage.
You puncture the black bear!
The black bear is severely wounded.
The goblin hits you but does no damage. The hobgoblin barely misses you.
The black bear bites you but does no damage.
The black bear claws you but does no damage.
The black bear claws you. The hobgoblin hits you.
You hit the black bear.
The black bear is severely wounded.
The goblin hits you but does no damage. The hobgoblin closely misses you.
The black bear goes berserk!
The hobgoblin hits you.
You hit the black bear.
The black bear is almost dead.
The black bear bites you.
* * * LOW HITPOINT WARNING * * *
The black bear claws you but does no damage.
The black bear closely misses you. The goblin misses you.
The hobgoblin closely misses you. The hobgoblin barely misses you.
The black bear barely misses you.
The black bear claws you but does no damage.
The black bear claws you.
* * * LOW HITPOINT WARNING * * *
It was a potion of attraction.
You feel attractive to monsters. The hobgoblin hits you.
* * * LOW HITPOINT WARNING * * *
The black bear bites you!
* * * LOW HITPOINT WARNING * * *
The black bear closely misses you.
The black bear claws you but does no damage.
The goblin misses you.
The hobgoblin hits you but does no damage.
It was a potion of ambrosia.
You are confused.
You feel invigorated. The black bear bites you!
You die...

..........# #.#.......##
..g....#<..## # ##.........#
#.#...g...#..##
#....###..$#..#
#..#........#
..###.ggh#...###
......g@##...#
......####..## ......#.#...#
......#.....####
................#
...............>####
##......................#
####........................
...#.....###................


You could see a black bear (berserk), 2 hobgoblins and a goblin.

Vanquished Creatures
  Jessica (D:3)
  A gnoll (D:1)
  An adder (D:3)
  A dart slug (D:1)
  An orc (D:3)
  4 ball pythons
  8 endoplasms
  13 giant cockroaches
  12 goblins
  7 hobgoblins
  11 jackals
  5 kobolds
  3 quokkas (D:3)
  9 bats
  2 frilled lizards
  6 rats
85 creatures vanquished.

Notes
Turn   | Place    | Note
-------+----------+-------------------------------------------
     0 | D:1      | Pimp the Merfolk Gladiator began the quest for the Orb.
     0 | D:1      | Reached XP level 1. HP: 16/16 MP: 1/1
   111 | D:1      | Reached XP level 2. HP: 6/23 MP: 2/2
   464 | D:1      | Reached XP level 3. HP: 28/28 MP: 3/3
  1026 | D:2      | Reached XP level 4. HP: 35/35 MP: 4/4
  1697 | D:3      | Found a broken altar of Ashenzari.
  1826 | D:3      | Reached skill level 5 in Dodging
  2077 | D:3      | Reached XP level 5. HP: 39/41 MP: 5/5
  2126 | D:3      | Noticed Jessica
  2142 | D:3      | Killed Jessica
  2143 | D:3      | Reached skill level 5 in Polearms
  2604 | D:4      | Noticed a black bear
  2626 | D:4      | HP: 2/41 [black bear (7)]
  2627 | D:4      | Slain by a black bear

Illustrated notes

Levels and vault maps discovered:
D:1:      arrival_zaba_pyramid, layout_basic, minmay_fountain_box,
          minmay_pentomino_u4
D:2:      minmay_roachtagon, layout_loops_ring, hex_medium
D:3:      layout_rooms, ashenzari_altar_1, chequers_serial_rivers_large_b,
          minmay_pentangle, uniq_jessica
D:4:      layout_cave_pools, zin_angel, minivault_14, kennysheep_generic_room_13

Skill      XL: |  1  2  3  4  5 |
---------------+----------------+-----
Fighting       | 3 |  3.4
Dodging        | 5 |  5.2
Throwing       | 3 |  3.1
Polearms       | 5 |  5.0

Action                     |  1- 3 |  4- 6 || total
---------------------------+-------+-------++-------
  Melee: Trident           |   100 |   137 ||   237
         Punch             |       |     3 ||     3
    Use: Potion            |       |     2 ||     2
   Stab: Sleeping          |       |     1 ||     1
 Armour: Leather armour    |    36 |    65 ||   101
  Dodge: Dodged            |   119 |   145 ||   264

Table legend: (Time is in decaauts)
 A = Elapsed time spent in this place.
 B = Non-inter-level travel time spent in this place.
 C = Inter-level travel time spent in this place.
 D = Time resting spent in this place.
 E = Time spent auto-exploring this place.
 F = Levels seen in this place.
 G = Mean time per level.
                   A        B        C        D        E       F      G
               +--------+--------+--------+--------+--------+-----+--------+
         Total |   2611 |   2451 |    160 |     70 |   1752 |   4 |  652.8 |
       Dungeon |   2611 |   2451 |    160 |     70 |   1752 |   4 |  652.8 |
               +--------+--------+--------+--------+--------+-----+--------+

Top non-repeatable levels by time:
     D:1: 1011 daAuts
     D:3: 903 daAuts
     D:2: 630 daAuts
     D:4: 65 daAuts
